 Dungeon Crawl Stone Soup version 0.15.2 (webtiles) character file.

58 Alarkh the Slasher (level 3, -9/24 HPs)
             Began as a High Elf Skald on Feb 15, 2015.
             Killed by divine providence
             ... invoked by an orc priest
              (12 damage)
             ... on Level 2 of the Dungeon.
             The game lasted 00:03:35 (1982 turns).

Alarkh the Slasher (High Elf Skald)                 Turns: 1982, Time: 00:03:35

HP  -9/24        AC  6     Str 11      XL: 3   Next: 75%
MP   5/8         EV 10     Int 16      God:
Gold 84          SH  0     Dex 15      Spells:  2 memorised,  3 levels left

rFire  + . .     SeeInvis .     a - +0 falchion
rCold  . . .     Clarity  .     i - +2 leather armour {rF+}
rNeg   . . .     rCorr    .     (no shield)
rPois  .         rRot     .     (no helmet)
rElec  .         Spirit   .     (no cloak)
SustAb .         Warding  .     (no gloves)
rMut   .         Stasis   .     p - +0 pair of boots
Gourm  .                        (no amulet)
MR     .....                    (no ring)
                                (no ring)

@: about to teleport, shrouded (expiring), very slightly contaminated, not
resistant to hostile enchantments, very unstealthy
A: no striking features
a: no special abilities


You were on level 2 of the Dungeon.
You were very hungry.

You visited 1 branch of the dungeon, and saw 3 of its levels.

You collected 84 gold pieces.

Inventory:

Hand weapons
 a - a +0 falchion (weapon)
Armour
 b - a +0 leather armour
 i - a +2 leather armour of fire resistance (worn)
 p - a +0 pair of boots (worn)
Comestibles
 d - a bread ration
 f - 2 fruits
 n - a slice of pizza
 r - a rotting chunk of hobgoblin flesh
 s - a rotting chunk of giant newt flesh
Scrolls
 j - 3 scrolls of remove curse {unknown}
 o - a scroll of fear {unknown}
Potions
 g - 3 potions of brilliance
 h - a potion of flight
 m - a potion of curing
Books
 c - a book of Battle

   Spells                             Type                      Level
   *Infusion                          Charms                       1
   *Shroud of Golubria                Charms/Translocation         2
   Song of Slaying                    Charms                       2
   Spectral Weapon                    Hexes/Charms                 3
   Regeneration                       Charms/Necromancy            3


   Skills:
 - Level 2.0 Fighting
 + Level 5.0 Long Blades
 - Level 0.8 Armour
 - Level 1.1 Dodging
 - Level 2.4 Spellcasting
 - Level 3.6 Charms


You had 3 spell levels left.
You knew the following spells:

 Your Spells              Type           Power        Failure   Level  Hunger
a - Shroud of Golubria    Chrm/Tloc      #.........   17%         2    ##.....
e - Infusion              Chrm           ##....       6%          1    #......


Dungeon Overview and Level Annotations

Branches:
Dungeon (3/15)

Altars:

Annotations:
D:2 Crazy Yiuf


Message History

The orc hits you but does no damage.
Casting: Shroud of Golubria
Confirm with . or Enter, or press ? or * to list all spells.
Space distorts slightly along a thin shroud covering your body.
The orc completely misses you.
The orc priest's eyes start to glow.
The orc priest prays to Beogh.
You feel a wave of unholy energy pass over you.
Your shroud begins to fray at the edges.
The orc priest mumbles some strange prayers to Beogh against you.
Something smites you!
Ouch! That really hurt!
* * * LOW HITPOINT WARNING * * *
Read which item? (? for menu, Esc to quit)
As you read the scroll of teleportation, it crumbles to dust.
You feel strangely unstable. The orc barely misses you.
The orc priest mumbles some strange prayers to Beogh against you.
Something smites you!
Ouch! That really hurt!
You die...

#..## ##.## ##.##.####.#
##..###.#.###..........#
##.....#.....###.######
####.###..### #.#
#......#####.#
#####........#
#####...o.o.###
#.........##o#
.#######.##@#
####.##.#######
#...o.o.........
#...)(..#######
#.......# #>...(..#
.####....(..#
#.......>....#
#####..(....#


You could see an orc priest and 2 orcs.

Vanquished Creatures
  Ijyb (D:2)
  A worm (D:2)
  5 bats
  3 giant cockroaches (D:1)
  5 hobgoblins
  4 jackals (D:2)
  A quokka (D:2)
  A ball python (D:1)
  6 giant newts
  2 goblins
  4 kobolds
  5 rats
38 creatures vanquished.

Notes
Turn   | Place    | Note
--------------------------------------------------------------
     0 | D:1      | Alarkh, the High Elf Skald, began the quest for the Orb.
     0 | D:1      | Reached XP level 1. HP: 14/14 MP: 4/4
   446 | D:1      | Reached XP level 2. HP: 19/19 MP: 6/6
   895 | D:1      | Learned a level 2 spell: Shroud of Golubria
  1076 | D:2      | Noticed Ijyb
  1100 | D:2      | Killed Ijyb
  1100 | D:2      | Reached skill level 4 in Long Blades
  1100 | D:2      | Reached XP level 3. HP: 17/24 MP: 0/8
  1631 | D:2      | Reached skill level 5 in Long Blades
  1694 | D:2      | Noticed Crazy Yiuf
  1982 | D:2      | Killed from afar by an orc priest

Action                   || total
-------------------------++-------
Melee: Falchion          ||   144
 Cast: Shroud of Golubri ||     9
       Infusion          ||     2
  Use: Scroll            ||     7
       Potion            ||     1
  Eat: Chunk             ||     3
